 Dungeon Crawl Stone Soup version 0.25.1-1-g288607f5aa (webtiles) character file.

Game seed: 10905766576223829193

161 Asdor the Skirmisher (level 5, -2/63 HPs)
             Began as a Demonspawn Abyssal Knight on July 23, 2020.
             Was a Believer of Lugonu.
             Killed from afar by Terence (10 damage)
             ... with an iceblast
             ... on level 3 of the Dungeon.
             The game lasted 00:09:11 (3949 turns).

Asdor the Skirmisher (Demonspawn Abyssal Knight)    Turns: 3949, Time: 00:09:12

Health: -2/63      AC:  3    Str: 12    XL:     5   Next: 19%
Magic:  6/6        EV: 12    Int: 14    God:    Lugonu [**....]
Gold:   165        SH:  0    Dex: 13    Spells: 4/4 levels left

rFire    + . .     SeeInvis .   a - +1 spear
rCold    + . .     Gourm    .   (no shield)
rNeg     . . .     Faith    +   b - +0 leather armour
rPois    +         Spirit   .   (no helmet)
rElec    +         Reflect  .   (no cloak)
rCorr    +         Harm     .   (no gloves)
MR       .....                  (no boots)
Stlth    ..........             n - amulet of faith
HPRegen  0.20/turn              (no ring)
MPRegen  0.10/turn              (no ring)

@: berserking, resistant, very slightly contaminated, invisible, very quick
A: claws 1, demonic guardian 1, powered by pain 1
a: Depart the Abyss, Bend Space, Renounce Religion


You were on level 3 of the Dungeon.
You worshipped Lugonu.
Lugonu was pleased with you.
You were not hungry.

You visited 1 branch of the dungeon, and saw 3 of its levels.
You visited the Abyss 1 time.

You collected 165 gold pieces.

Inventory:

Hand Weapons
 a - a +1 spear (weapon)
Missiles
 o - a throwing net (quivered)
Armour
 b - a +0 leather armour (worn)
 h - a +0 buckler
Jewellery
 n - an amulet of faith (around neck)
 s - an uncursed ring of protection from magic
Scrolls
 e - a scroll of blinking {unknown}
 g - a scroll of amnesia {unknown}
 j - 2 scrolls of immolation {unknown}
 l - 2 scrolls of remove curse {unknown}
 m - 2 scrolls of fog {unknown}
 r - a scroll of enchant armour {unknown}
 u - 2 scrolls of teleportation {unknown}
Potions
 i - a potion of might
 p - 3 potions of brilliance {unknown}
 q - a potion of invisibility
 t - a potion of stabbing {unknown}
 v - a potion of mutation {unknown}
 x - a potion of haste {unknown}
 z - a potion of degeneration {unknown}
Comestibles
 c - 6 rations
 w - 3 chunks of flesh


   Skills:
 + Level 4.0 Fighting
 * Level 3.3 Polearms
 + Level 2.5 Armour
 + Level 1.8 Dodging
 - Level 2.6 Invocations


You had 4 spell levels left.
You didn't know any spells.
Your spell library was empty.

Dungeon Overview and Level Annotations

Branches:
Dungeon (3/15)

Altars:

Annotations:
D:3 Terence


Innate Abilities, Weirdness & Mutations

You have sharp fingernails.
A weak demonic guardian rushes to your aid.
You sometimes gain a little power by taking damage.


Message History

You are very lightly contaminated with residual magic.
Terence zaps a wand.
The mass of ice explodes!
The iceblast engulfs you!
* * * LOW HITPOINT WARNING * * *
The iceblast engulfs Terence.
You feel protected. Terence closely misses you.
You hit Terence but do no damage.
Terence is moderately wounded.
Terence hits you with a +0 mace.
* * * LOW HITPOINT WARNING * * *
You feel better.
Terence zaps a wand.
The mass of ice explodes!
The iceblast engulfs you! You partially resist.
* * * LOW HITPOINT WARNING * * *
The iceblast engulfs Terence but does no damage.
A red film seems to cover your vision as you go berserk!
You feel yourself moving faster!
You feel mighty!
Terence shouts!
Terence zaps a wand.
The mass of ice explodes!
The iceblast engulfs you! You partially resist.
You die...

....
#......................
....
#........#....#.##.....
##..
[....#.#.#.##.##..... #
. ..... #.##..... #
..#### #..'..... #
###'#########..... #
#........# #..... #
############........#
#..... #
...........'@.......#
#..... #
#####..####.@......'
...... #
#.รท...#........'
#.#### # #.#
#...#.###....... .# #
#.# #......# ....... #
#.# #.###.## ....... #
#.# #.# #.# .......
####.# #.# #.# .......
..##.# #.# #.# .......


You could see Terence.

Vanquished Creatures
  5 adders
  3 oozes
  2 worms
  5 dart slugs
  2 leopard geckos (D:2)
  5 orcs (D:3)
  10 bats
  5 giant cockroaches
  8 goblins
  9 hobgoblins
  10 jackals
  3 kobolds
  A quokka (D:2)
  6 frilled lizards
  3 rats
77 creatures vanquished.

Notes
Turn   | Place    | Note
-------+----------+-------------------------------------------
     0 | Abyss:1  | Asdor the Demonspawn Abyssal Knight began the quest for the
                  | Orb.
     0 | Abyss:1  | Reached XP level 1. HP: 18/18 MP: 2/2
    41 | Abyss:1  | Noticed a freezing wraith
    48 | D:1      | Escaped the Abyss
   210 | D:1      | Gained mutation: You have sharp fingernails. [demonic
                  | ancestry]
   210 | D:1      | Reached XP level 2. HP: 24/24 MP: 3/3
   234 | D:1      | Reached skill level 1 in Dodging
   444 | D:1      | Reached * piety under Lugonu
   690 | D:1      | Reached XP level 3. HP: 26/29 MP: 4/4
  1738 | D:2      | Gained mutation: You sometimes gain a little power by
                  | taking damage. [demonic ancestry]
  1738 | D:2      | Reached XP level 4. HP: 30/37 MP: 5/5
  2044 | D:2      | Reached ** piety under Lugonu
  3253 | D:3      | Gained mutation: A weak demonic guardian rushes to your
                  | aid. [demonic ancestry]
  3253 | D:3      | Reached XP level 5. HP: 24/42 MP: 6/6
  3661 | D:3      | Reached skill level 4 in Fighting
  3940 | D:3      | Noticed Terence
  3949 | D:3      | Killed from afar by Terence

Illustrated notes

Levels and vault maps discovered:
D:1:      dpeg_arrival_tiny_a, layout_rooms
D:2:      layout_basic, first_ration
D:3:      layout_basic, grunt_qazlal_sundering, uniq_terence

Skill      XL: |  1  2  3  4  5 |
---------------+----------------+-----
Polearms       | 2 3 |  3.3
Dodging        | 1 |  1.8
Armour         | 2 |  2.5
Fighting       | 4 |  4.0
Invocations    | |  2.6

Action                   |  1- 3 |  4- 6 || total
-------------------------+-------+-------++-------
Melee: Spear             |   149 |   196 ||   345
Invok: Depart the Abyss  |     1 |       ||     1
  Use: Scroll            |     4 |     2 ||     6
       Potion            |     1 |     6 ||     7
 Stab: Sleeping          |     1 |       ||     1
  Eat: Chunk             |     3 |     7 ||    10
Armor: Leather armour    |    58 |    39 ||    97
Dodge: Dodged            |    93 |    98 ||   191
